 Dungeon Crawl Stone Soup version 0.20.1-1-g8b1a95d (webtiles) character file.

860 dmj the Shield-Bearer (level 7, -4/67 HPs)
             Began as a Troll Fighter on July 31, 2017.
             Was an Initiate of Gozag.
             Slain by an orc
             ... wielding a +2 war axe of distortion
              (20 damage)
             ... on level 5 of the Dungeon.
             The game lasted 00:14:46 (3474 turns).

dmj the Shield-Bearer (Troll Fighter)               Turns: 3474, Time: 00:14:47

Health: -4/67      AC:  5    Str: 27    XL:     7   Next: 71%
Magic:  6/6        EV: 12    Int:  4    God:    Gozag
Gold:   261        SH:  9    Dex:  9    Spells: 6/6 levels left

rFire    . . .     SeeInvis .   o - +6 club
rCold    . . .     Gourm    +   c - +0 shield
rNeg     . . .     Faith    .   b - +0 robe
rPois    .         Spirit   .   (helmet restricted)
rElec    .         Reflect  .   (no cloak)
rCorr    .         Harm     .   (gloves unavailable)
MR       .....                  (boots unavailable)
Stlth    +.........             (no amulet)
Regen    0.7/turn               i - +3 ring of evasion
MPRegen  0.1/turn               (no ring)

@: no status effects
A: unfitting armour, claws 3, fast metabolism 3, gourmand, regeneration 1,
shaggy fur 1, tough skin 2
a: Potion Petition, Call Merchant, Bribe Branch, Renounce Religion


You were on level 5 of the Dungeon.
You worshipped Gozag.
Gozag was aware of your devotion.
You were not hungry.

You visited 2 branches of the dungeon, and saw 6 of its levels.

You collected 341 gold pieces.
You paid 80 gold pieces to Gozag.

Inventory:

Hand Weapons
 a - a +0 war axe
 o - a +6 club (weapon)
 p - a cursed -1 giant spiked club
 s - a +1 flail of holy wrath
Armour
 b - a +0 robe (worn)
 c - a +0 shield (worn)
Jewellery
 f - an uncursed ring of magical power {unknown}
 i - a +3 ring of evasion (left claw)
Wands
 m - a wand of lightning (8/15)
 n - a wand of random effects (15/48)
Scrolls
 e - 7 scrolls of identify
 j - 3 scrolls of remove curse
 k - a scroll of teleportation
 r - a scroll of random uselessness {unknown}
Potions
 d - a potion of might
 g - 2 potions of degeneration
 h - a potion of curing
 l - a potion of heal wounds {unknown}
 q - 3 potions of brilliance {unknown}
 u - a potion of mutation {unknown}
Comestibles
 t - a royal jelly


   Skills:
 + Level 3.6 Fighting
 + Level 3.3(3.9) Axes
 + Level 3.1(3.9) Maces & Flails
 + Level 4.1 Dodging
 + Level 0.5 Stealth
 + Level 4.4 Shields


You had 6 spell levels left.
You didn't know any spells.

Dungeon Overview and Level Annotations

Branches:
Dungeon (5/15)             Temple (1/1) D:4

Altars:
Cheibriados
Gozag
Makhleb
Ru
Uskayaw
Xom
Zin

Shops:
D:4 :   D:5 *

Annotations:
D:4 1 runed door


Innate Abilities, Weirdness & Mutations

You are too large for most types of armour.
You have claws for hands.
Your metabolism is lightning-fast.
You like to eat raw meat.
Your natural rate of healing is unusually fast.
You are covered in fur. (AC +1)
You have very tough skin. (AC +2)


Message History

Space bends around you.
You barely miss the orc priest.
The orc priest is severely wounded.
The orc priest calls down the wrath of Beogh upon you.
Pain shoots through your body! The orc wizard hits you with a dagger.
The orc hits you with a war axe of distortion.
* * * LOW HITPOINT WARNING * * *
You hit the orc priest.
You kill the orc priest!
The orc wizard hits you with a dagger.
* * * LOW HITPOINT WARNING * * *
The orc wizard mumbles some strange words.
The orc wizard seems to speed up.
Things that are here:
4 gold pieces; a flail You barely miss the orc.
The orc wizard looks encouraged for a moment.
The orc hits you but does no damage. Space warps horribly around you!
You die...
Your body crumbles into a pile of gold.

#.........####
#....#.........##..
#....#.........##.#
#....#............#
#.#..##.......#.###
#.#..###....[##.#
#.#...###.......#
##...#.###.##.####
#..@oo.....##..# #
#.........###..# #
#..........#
#..#####
#.#.########
#....... #.#.
#....... # #.
#######...... $..
............. ..
##...........
.$.####......


You could see an orc wizard and an orc.

Vanquished Creatures
  Edmund (D:4)
  A phantom (D:4)
  2 ogres (D:4)
  A scorpion (D:4)
  A hound (D:4)
  An orc priest (D:5)
  Ijyb (D:3)
  2 iguanas
  3 worker ants
  7 gnolls
  6 adders
  A shadow imp (D:4)
  An ooze (D:1)
  3 worms
  4 leopard geckos
  6 orcs
  2 ball pythons (D:1)
  9 bats
  5 giant cockroaches
  14 goblins
  3 hobgoblins
  9 jackals
  4 kobolds
  A quokka (D:3)
  6 frilled lizards
  A jackal skeleton (D:4)
  4 rats
99 creatures vanquished.

Notes
Turn   | Place    | Note
-------+----------+-------------------------------------------
     0 | D:1      | dmj the Troll Fighter began the quest for the Orb.
     0 | D:1      | Reached XP level 1. HP: 22/22 MP: 0/0
   102 | D:1      | Reached XP level 2. HP: 29/29 MP: 1/1
   871 | D:1      | Reached XP level 3. HP: 36/36 MP: 2/2
  1170 | D:3      | Reached XP level 4. HP: 43/44 MP: 3/3
  1265 | D:3      | Found a faded altar of an unknown god.
  1396 | D:3      | Noticed Ijyb
  1408 | D:3      | Killed Ijyb
  1408 | D:3      | Reached XP level 5. HP: 52/52 MP: 4/4
  1989 | D:4      | Noticed Edmund
  1992 | D:4      | Reached XP level 6. HP: 44/59 MP: 5/5
  2009 | D:4      | Killed Edmund
  2009 | D:4      | Reached skill level 1 in Maces & Flails
  2093 | D:4      | Found Yrruc's Book Shop.
  2140 | D:4      | Reached XP level 7. HP: 57/67 MP: 6/6
  2260 | D:4      | Found a glowing silver altar of Zin.
  2261 | D:4      | Found a runed door.
  2261 | D:4      | Noticed an angel
  2722 | D:4      | Found a staircase to the Ecumenical Temple.
  2732 | Temple   | Entered the Ecumenical Temple
  2807 | Temple   | Became a worshipper of Gozag Ym Sagoz the Greedy
  3296 | D:5      | Entered Level 5 of the Dungeon
  3296 | D:5      | Found Ewky's Elemental Accessories.
  3474 | D:5      | Slain by an orc

Skill      XL: |  1  2  3  4  5  6  7 |
---------------+----------------------+-----
Axes           | 2 3 |  3.3
Shields        | 3 4 |  4.4
Dodging        | 3 4 |  4.1
Fighting       | 3 |  3.6
Maces & Flails | 2 3 |  3.1
Stealth        | |  0.5

Action                   |  1- 3 |  4- 6 |  7- 9 || total
-------------------------+-------+-------+-------++-------
Melee: War axe           |   122 |    28 |       ||   150
       Club              |       |   113 |   126 ||   239
  Use: Potion            |     2 |       |       ||     2
       Scroll            |     1 |     5 |       ||     6
 Stab: Sleeping          |     1 |       |       ||     1
  Eat: Bread ration      |     2 |     1 |     2 ||     5
       Meat ration       |       |     1 |       ||     1
       Fruit             |       |       |     3 ||     3
       Chunk             |       |       |     2 ||     2
Armor: Robe              |    75 |    35 |    21 ||   131
Dodge: Dodged            |    62 |    77 |    53 ||   192
Block: Shield            |    84 |    98 |    52 ||   234
